AoeStats
← Heli Jacob

MegaRandom

509952595Analyzed
4v4 RM · 4d ago on Sep 28, 2026· 54m 16s· 8 players
Game mode
Random Map
Map size
Large (8 player)
Population
200
Speed
Normal
Resources
Standard
Victory
Conquest
Starting age
Dark Age
Ending age
Imperial Age
RankedLock teamsTeams togetherTeam positionsShared explorationLock speedFull tech treeHidden civsTurbo modeCheats
Victory
Defeat
🇪🇸 Saxons · Spain
927
+13
🇬🇧 Spanish · United Kingdom
887
+15
🇦🇷 Byzantines · Argentina
875
+15
🇿🇦 Vietnamese · South Africa
875
+15
🇦🇷 Slavs · Argentina
928
-18
🇨🇴 Mongols · Colombia
901
-16
🇺🇸 Spanish · United States
806
-12
🇦🇷 Byzantines · Argentina
800
-12
Sensei
12:11 Feudal Age
12:36 Double-Bit Axe
12:33 Horse Collar
18:10 Loom
18:25 Stone Mining
18:27 Gold Mining
20:59 Castle Age
19:22 Scale Barding Armor
19:28 Forging
22:26 Wheelbarrow
22:02 Bow Saw
21:54 Heavy Plow
29:52 Hand Cart
33:34 Chain Barding Armor
33:22 Husbandry
36:09 Gold Shaft Mining
36:25 Iron Casting
41:15 Imperial Age
40:40 Padded Archer Armor
40:30 Fletching
40:53 Murder Holes
40:39 Treadmill Crane
41:51 Elite Skirmisher
43:40 Chemistry
43:59 Caravan
44:57 Imperial Skirmisher
45:35 Bodkin Arrow
45:55 Leather Archer Armor
46:15 Plate Barding Armor
46:42 Hoardings
47:11 Ballistics
50:59 Pikeman
51:42 Squires
MS2GUD1068
12:09 Feudal Age
12:48 Loom
14:31 Wheelbarrow
18:29 Castle Age
19:48 Wheelbarrow
24:41 Double-Bit Axe
27:15 Horse Collar
29:22 Bloodlines
29:12 Husbandry
33:01 Hand Cart
32:31 Town Watch
33:11 Bow Saw
37:43 Imperial Age
36:33 Town Patrol
36:45 Gold Mining
37:03 Heavy Plow
36:55 Stone Mining
38:13 Stone Shaft Mining
41:53 Two-Man Saw
41:00 Elite Conquistador
42:37 Conscription
Lucas Grijander
4:13 Loom
11:45 Feudal Age
13:16 Wheelbarrow
17:43 Castle Age
17:15 Double-Bit Axe
18:28 Horse Collar
20:59 Bow Saw
23:44 Sanctity
23:58 Hand Cart
24:48 Town Watch
31:17 Heavy Plow
34:15 Imperial Age
32:40 Squires
32:02 Pikeman
32:29 Arson
33:53 Gambesons
35:28 Gold Mining
35:31 Stone Mining
35:47 Scale Mail Armor
35:59 Forging
35:40 Fletching
37:48 Gold Shaft Mining
37:40 Caravan
39:29 Crop Rotation
40:03 Two-Man Saw
39:26 Chain Mail Armor
39:47 Iron Casting
39:08 Bodkin Arrow
41:07 Chemistry
40:27 Ballistics
40:03 Murder Holes
40:41 Plate Mail Armor
40:57 Shield Wall
42:03 Masonry
41:58 Siege Engineers
41:34 Elite Varangian Guard
41:38 Halberdier
44:56 Architecture
44:15 Arrowslits
47:53 Elite Hearth Troop
Heli Jacob
0:53 Loom
11:43 Feudal Age
14:42 Wheelbarrow
13:57 Double-Bit Axe
15:34 Horse Collar
19:10 Castle Age
17:46 Fletching
17:57 Padded Archer Armor
19:15 Gold Mining
20:05 Bodkin Arrow
20:43 Hand Cart
20:49 Bow Saw
21:31 Heavy Plow
23:52 Ballistics
24:00 Leather Archer Armor
24:23 Elite Skirmisher
25:24 Forging
25:15 Scale Mail Armor
25:27 Squires
27:11 Pikeman
27:20 Pikeman
27:47 Arson
28:39 Iron Casting
29:15 Husbandry
29:30 Bloodlines
32:11 Chain Mail Armor
32:02 Scale Barding Armor
32:19 Thumb Ring
35:24 Chain Barding Armor
37:22 Light Cavalry
46:12 Imperial Age
43:36 Crossbowman
50:10 Imperial Age
51:06 Bracer
51:37 Ring Archer Armor
51:38 Plate Mail Armor
50:52 Imperial Skirmisher
53:03 Chemistry
54:12 Paper Money
Jundi
3:23 Loom
9:12 Loom
11:58 Feudal Age
12:21 Horse Collar
12:27 Double-Bit Axe
15:30 Wheelbarrow
19:02 Castle Age
18:32 Gold Mining
18:35 Stone Mining
21:39 Heavy Plow
23:57 Bow Saw
23:44 Fletching
24:00 Padded Archer Armor
24:42 Stone Shaft Mining
24:50 Gold Shaft Mining
26:27 Hand Cart
28:40 Bodkin Arrow
29:01 Leather Archer Armor
31:55 Imperial Age
30:03 Town Watch
30:45 Ballistics
30:23 Murder Holes
32:40 Bracer
33:47 Chemistry
33:12 Conscription
34:17 Elite Mangudai
35:46 Masonry
41:46 Parthian Tactics
42:37 Drill
45:01 Light Cavalry
45:58 Bloodlines
45:50 Husbandry
48:01 Hussar
49:21 Forging
49:16 Scale Barding Armor
51:19 Iron Casting
52:36 Chain Barding Armor
54:08 Blast Furnace
ianxpresso
11:22 Feudal Age
12:57 Double-Bit Axe
19:25 Castle Age
18:25 Loom
18:50 Gold Mining
20:53 Horse Collar
25:18 Heavy Plow
27:41 Wheelbarrow
31:55 Hand Cart
31:54 Stone Mining
34:23 Forging
34:15 Scale Mail Armor
36:31 Husbandry
37:35 Bloodlines
39:26 Bow Saw
40:36 Light Cavalry
44:23 Fletching
44:33 Padded Archer Armor
45:09 Iron Casting
44:49 Chain Mail Armor
52:19 Stone Shaft Mining
52:16 Elite Skirmisher
normanxavier454
2:51 Loom
11:10 Feudal Age
11:57 Double-Bit Axe
11:54 Horse Collar
22:48 Castle Age
24:16 Pikeman
32:09 Fletching
33:08 Bow Saw
32:38 Elite Skirmisher
34:50 Forging
39:20 Imperial Age
37:37 Heavy Plow
40:02 Iron Casting
39:27 Scale Mail Armor
40:35 Halberdier
42:32 Wheelbarrow
42:56 Crop Rotation
42:56 Light Cavalry
43:48 Bloodlines
44:08 Scale Barding Armor
45:09 Hand Cart
Jpaca98
0:46 Loom
14:35 Feudal Age
15:02 Horse Collar
15:20 Double-Bit Axe
16:41 Gold Mining
16:49 Stone Mining
24:00 Castle Age
24:23 Scale Barding Armor
24:30 Forging
25:17 Husbandry
27:06 Gambesons
30:51 Squires
33:16 Gold Shaft Mining
33:51 Scale Mail Armor
37:17 Heavy Plow
39:26 Chain Barding Armor
50:42 Imperial Age
48:51 Wheelbarrow
49:25 Iron Casting
49:31 Bow Saw
52:44 Crop Rotation
53:36 Hand Cart
Connection lost

Rejoining the realm…

Still unreachable

The connection could not be restored.

Session expired

The server has moved on; the page needs a fresh start.